 Dungeon Crawl Stone Soup version 0.24.0-37-gcf1ca852f1 (webtiles) character file.

Game seed: 932248980926613335, levelgen mode: deterministic

2083 grindst0ne the Charlatan (level 9, 0/68 (69) HPs)
             Began as a Human Artificer on Dec 6, 2019.
             Was a Believer of Cheibriados.
             Slain by an ogre
             ... wielding a +0 giant club
              (14 damage)
             ... on level 7 of the Dungeon.
             The game lasted 00:15:11 (7770 turns).

grindst0ne the Charlatan (Human Artificer)          Turns: 7770, Time: 00:15:11

HP:   0/68 (69)     AC: 14    Str: 20    XL:     9   Next: 51%
MP:   13/13         EV:  7    Int: 19    God:    Cheibriados [**....]
Gold: 149           SH:  0    Dex: 20    Spells: 8/8 levels left

rFire    . . .     SeeInvis .   w - +0 war axe
rCold    . . .     Gourm    .   (no shield)
rNeg     . . .     Faith    .   L - +0 plate armour (curse)
rPois    .         Spirit   .   (no helmet)
rElec    .         Reflect  .   (no cloak)
rCorr    .         Harm     .   v - +0 pair of gloves
MR       .....                  l - +0 pair of boots
Stlth    ..........             (no amulet)
HPRegen  0.21/turn              (no ring)
MPRegen  0.13/turn              (no ring)

@: very slow
A: no striking features
a: Bend Time, Renounce Religion


You were on level 7 of the Dungeon.
You worshipped Cheibriados.
Cheibriados was pleased with you.
You were not hungry.

You visited 1 branch of the dungeon, and saw 7 of its levels.
You also visited: Ossuary.

You collected 314 gold pieces.
You spent 165 gold pieces at shops.

Inventory:

Hand Weapons
 t - a +3 short sword
 w - a +0 war axe (weapon)
Missiles
 o - 4 curare-tipped darts (quivered)
 x - 11 javelins
Armour
 l - a +0 pair of boots (worn)
 v - a +0 pair of gloves (worn)
 L - a cursed +0 plate armour (worn)
Wands
 c - a wand of flame (15)
 d - a wand of enslavement (15)
 m - a wand of digging (8)
 A - a wand of polymorph (9)
 C - a wand of clouds (4)
 E - a wand of acid (8)
 N - a wand of disintegration (18)
Scrolls
 b - 3 scrolls of fog
 e - 3 scrolls of teleportation
 h - 2 scrolls of fear
 i - 3 scrolls of enchant armour {unknown}
 j - 2 scrolls of magic mapping {unknown}
 k - 2 scrolls of remove curse
 p - 4 scrolls of immolation
 s - 2 scrolls of enchant weapon {unknown}
 B - 3 scrolls of blinking
 F - a scroll of amnesia {unknown}
 I - 5 scrolls of random uselessness {unknown}
 P - a scroll of vulnerability {unknown}
Potions
 g - 3 potions of brilliance
 n - 2 potions of haste
 r - 2 potions of curing
 u - 3 potions of mutation
 z - 3 potions of flight
 D - 3 potions of heal wounds
 G - 4 potions of degeneration {unknown}
 H - 2 potions of lignification {unknown}
 J - 2 potions of agility {unknown}
 K - 2 potions of might {unknown}
 M - a potion of berserk rage {unknown}
Comestibles
 f - 12 rations
 O - 4 chunks of flesh


   Skills:
 + Level 6.0 Fighting
 - Level 1.0 Short Blades
 + Level 5.0 Axes
 + Level 5.0 Armour
 - Level 2.0 Dodging
 - Level 1.0 Stealth
 + Level 5.0 Invocations
 - Level 6.0 Evocations


You had 8 spell levels left.
You didn't know any spells.
Your spell library was empty.

Dungeon Overview and Level Annotations

Branches:
Dungeon (7/15)             Temple (0/1) D:5         Ossuary (visited)

Altars:
Cheibriados
Makhleb
Nemelex Xobeh
Trog

Shops:
D:4 (   D:5 ((*!=


Message History

* * * LOW HITPOINT WARNING * * *
You see here a dwarf skeleton.
The ogre hits you with a +0 giant club.
* * * LOW HITPOINT WARNING * * *
Throwing (i - inventory. (/) - cycle)
o - 5 curare-tipped darts (quivered)
Press: ? - help, Shift-Dir - straight line, f - ogre
Aim: an ogre, wielding a +0 giant club (moderately wounded)
You throw a curare-tipped dart.
The curare-tipped dart barely misses the ogre.
The ogre hits you with a +0 giant club.
* * * LOW HITPOINT WARNING * * *
The ogre hits you with a +0 giant club.
* * * LOW HITPOINT WARNING * * *
Evoke which item? (* to show all) (? for menu, Esc to quit)
Aiming: Cloud Cone
Press: ? - help, Dir - move target cursor, f/p - ogre
Aim: an ogre, wielding a +0 giant club (moderately wounded)
You create a blast of poison gas!
The ogre is engulfed in poison gas.
The ogre is poisoned.
The ogre hits you with a +0 giant club!
You die...

###.#############
................#
####.##########.###########
#..# #.).[....)..# ####
###########.# ###### #.#
#÷$..##### #.#
#%§(#..#.#############.##
#%.%###(÷§§§O@...÷..)...#
##### ##.################
#......# ######.# #.# #.#
#.# #.# #.#


You could see an ogre.

Vanquished Creatures
  2 hippogriffs
  An orc warrior (D:7)
  An ice beast (D:7)
  A necrophage (D:7)
  An elf zombie (D:6)
  2 bullfrogs
  3 elf skeletons (D:6)
  3 scorpions
  A centaur zombie (Ossuary)
  3 orc priests (D:7)
  3 hounds
  A jelly (D:7)
  A centaur skeleton (D:5)
  3 human zombies
  5 orc wizards
  A bullfrog skeleton (D:4)
  A human skeleton (D:6)
  An iguana (D:5)
  2 worker ants
  2 hound skeletons
  4 mummies (Ossuary)
  4 gnolls (D:3)
  7 adders
  An ooze (D:1)
  An adder skeleton (D:6)
  3 worms
  2 dart slugs (D:3)
  A leopard gecko (D:3)
  18 orcs
  A ball python (D:4)
  7 bats
  6 giant cockroaches
  2 gnoll zombies (Ossuary)
  9 goblins
  7 hobgoblins
  4 jackals (D:6)
  12 kobolds
  3 quokkas
  5 frilled lizards
  A goblin zombie (Ossuary)
  A hobgoblin zombie (Ossuary)
  A jackal skeleton (D:2)
  A leopard gecko zombie (D:5)
  2 orc skeletons (D:6)
  4 orc zombies
  11 rats
156 creatures vanquished.

Vanquished Creatures (others)
  An orc wizard (D:4)
1 creature vanquished.

Grand Total: 157 creatures vanquished

Notes
Turn   | Place    | Note
-------+----------+-------------------------------------------
     0 | D:1      | grindst0ne the Human Artificer began the quest for the Orb.
     0 | D:1      | Reached XP level 1. HP: 15/15 MP: 3/3
    25 | D:1      | Reached XP level 2. HP: 7/21 MP: 4/4
   410 | D:1      | Reached XP level 3. HP: 18/27 MP: 5/5
   972 | D:2      | Found a bloodstained altar of Trog.
  1010 | D:2      | Reached XP level 4. HP: 17/34 MP: 6/6
  2376 | D:3      | Reached XP level 5. HP: 41/41 MP: 8/8
  2657 | D:3      | Found a sparkling altar of Nemelex Xobeh.
  2660 | D:3      | Found a snail-covered altar of Cheibriados.
  2663 | D:3      | Found a burning altar of Makhleb.
  2669 | D:3      | Became a worshipper of Cheibriados the Contemplative
  3103 | D:3      | Reached skill level 1 in Axes
  3131 | D:4      | Reached skill level 1 in Armour
  3269 | D:4      | Reached XP level 6. HP: 37/47 MP: 9/9
  3444 | D:4      | Found Ehomim's Weapon Emporium.
  3526 | D:4      | Reached * piety under Cheibriados
  3600 | D:4      | Reached XP level 7. HP: 40/53 MP: 10/10
  3794 | D:4      | Noticed a hippogriff
  3818 | D:4      | Killed a hippogriff
  3818 | D:4      | Reached skill level 1 in Invocations
  3818 | D:4      | Reached skill level 5 in Evocations
  4092 | D:5      | Entered Level 5 of the Dungeon
  4128 | D:5      | Found Pinulluz's Antique Weapon Emporium.
  4370 | D:5      | Found Boawemecw's Antique Weapon Shop.
  4498 | D:5      | Found Ycasu's General Store.
  4506 | D:5      | Bought a scroll of blinking for 105 gold pieces
  4519 | D:5      | Found Sastap's Distillery.
  4522 | D:5      | Bought a potion of heal wounds for 60 gold pieces
  4572 | D:5      | Found a staircase to the Ecumenical Temple.
  4967 | D:5      | Found Qoul's Jewellery Shop.
  5150 | D:6      | Found a sand-covered staircase.
  5174 | D:6      | Reached XP level 8. HP: 39/61 MP: 12/12
  5396 | Ossuary  | Entered an ossuary
  6259 | D:6      | Reached skill level 5 in Fighting
  6338 | D:6      | Reached ** piety under Cheibriados
  7151 | D:7      | Reached XP level 9. HP: 68/68 MP: 13/13
  7300 | D:7      | Noticed a hippogriff
  7314 | D:7      | Killed a hippogriff
  7655 | D:7      | Reached skill level 5 in Axes
  7721 | D:7      | Reached skill level 5 in Armour
  7721 | D:7      | Reached skill level 5 in Invocations
  7770 | D:7      | Slain by an ogre

Levels and vault maps discovered:
D:1:      scummos_arrival_checkerplants, layout_loops_ring, minivault_11
D:2:      layout_loops_cross, nrook_loot_triangle, bloody_trog
D:3:      layout_loops_ring, grunt_temple_overflow_diamond, nrook_mini_backslash
D:4:      layout_rooms, serial_shops, shop
D:5:      layout_basic, minmay_temple_entry_junction_2, first_ration,
          serial_shops, nicolae_shop_trees, nicolae_shop_behind_doors,
          nicolae_shop_crystal, kennysheep_mini, nicolae_shop_window_shopping
D:6:      layout_loops_cross, nicolae_ossuary_entry_catacombs, minivault_23
D:7:      layout_basic, grunt_ogre_cave, minmay_misc_feat_rugged,
          chequers_arboretum

Skill      XL: |  1  2  3  4  5  6  7  8  9 |
---------------+----------------------------+-----
Fighting       | 2 3 4 5 6 |  6.0
Evocations     | 4 5 6 |  6.0
Axes           | 1 2 3 4 5 |  5.0
Armour         | 1 2 3 4 5 |  5.0
Invocations    | 2 3 5 |  5.0
Short Blades   | |  1.0
Dodging        | |  2.0
Stealth        | |  1.0

Action                   |  1- 3 |  4- 6 |  7- 9 || total
-------------------------+-------+-------+-------++-------
Melee: Short sword       |    98 |   261 |   405 ||   764
       War axe           |       |       |    15 ||    15
Throw: Dart              |     2 |    12 |     9 ||    23
Evoke: Wand              |       |       |    23 ||    23
  Use: Scroll            |       |       |    11 ||    11
 Stab: Sleeping          |     2 |       |     1 ||     3
  Eat: Chunk             |       |     9 |     3 ||    12
       Ration            |       |       |     1 ||     1
Armor: Leather armour    |    27 |       |       ||    27
       Ring mail         |     1 |    96 |   124 ||   221
       Plate armour      |       |       |     9 ||     9
Dodge: Dodged            |    48 |   156 |   193 ||   397
